 Dungeon Crawl Stone Soup version 0.31-a0-182-gc5ef74bbde (webtiles) character file.

Game seed: 9727451096674861007

116 qw the Chopper (level 5, -11/32 HPs)
             Began as a Gargoyle Fighter on June 21, 2023.
             Killed by divine providence
             ... invoked by an orc priest
              (14 damage)
             ... on level 4 of the Dungeon.
             The game lasted 00:01:12 (2333 turns).

qw the Chopper (Gargoyle Fighter)                   Turns: 2333, Time: 00:01:13

Health: -11/32     AC: 14    Str: 21    XL:     5   Next: 0%
Magic:  5/5        EV:  9    Int:  9    God:
Gold:   178        SH:  4    Dex:  9    Spells: 4/4 levels left

rFire   . . .        Y - +0 war axe
rCold   . . .        c - +0 buckler
rNeg    + . .        b - +0 scale mail
rPois   inf          (no helmet)
rElec   +            (no cloak)
rCorr   .            (no gloves)
SInv    .            m - +2 pair of boots
Will    +....        (no amulet) Stlth
                     g - ring of willpower
HPRegen 0.25/turn    (no ring)
MPRegen 0.09/turn

%: no passive effects
@: about to teleport
A: sickness immunity, AC +4, negative energy resistance 1, electricity
resistance, torment resistance 1, petrification resistance
a: no special abilities


You were on level 4 of the Dungeon.
You visited 1 branch of the dungeon, and saw 4 of its levels.

You collected 178 gold pieces.


Innate Abilities, Weirdness & Mutations

You are immune to sickness and miasma.
Your stone body is resilient. (AC +4)
You are immune to poison.
You resist negative energy. (rN+)
You are resistant to electric shocks. (rElec)
You are resistant to unholy torment.
You are immune to petrification.


   Skills:
 - Level 3.2 Fighting
 + Level 4.5 Axes
 - Level 3.2 Armour
 - Level 3.2 Shields


You had 4 spell levels left.
You didn't know any spells.
Your spell library was empty.

Inventory:

Hand Weapons
 h - a +0 mace
 Y - a +0 war axe (weapon)
Missiles
 l - 2 boomerangs (quivered)
Armour
 b - a +0 scale mail (worn)
 c - a +0 buckler (worn)
 m - a +2 pair of boots (worn)
Jewellery
 g - a ring of willpower (left hand)
Potions
 d - 3 potions of might
 i - a potion of curing {unknown}
 j - a potion of lignification {unknown}
 k - a potion of degeneration {unknown}

Dungeon Overview and Level Annotations

Branches:
Dungeon (4/15)
 Temple: D:4-7

Altars:
Elyvilon


Message History

You hit the orc wizard.
You kill the orc wizard!
You closely miss the orc priest.
You hear a shout!
The orc priest hits you with a +0 war axe.
The orc priest calls down the wrath of Beogh upon you.
Pain shoots through your body!
An orc comes into view. It is wielding a +0 flail.
You have reached level 5!
You hit the orc priest but do no damage.
The orc priest is heavily wounded.
The orc priest closely misses you.
You barely miss the orc priest.
The orc priest is heavily wounded.
The orc priest hits you with a +0 war axe.
You closely miss the orc priest.
The orc priest is heavily wounded.
You miss something. Something hits you. You block the orc priest's attack.
The orc priest hits you with a +0 war axe.
Something hits you but does no damage.
2331 ||| READING scroll of teleportation.
As you read the scroll of teleportation, it crumbles to dust.
You feel strangely unstable.
You hear some strange, mumbled words.
A puff of flame appears from out of thin air!
The puff of flame hits you.
The orc priest miscasts a cantrip.
You hit the orc priest.
The orc priest is severely wounded.
You barely miss something.
The orc priest casts a cantrip, but nothing happens.
Something hits you.
You hit the orc priest but do no damage.
The orc priest is severely wounded.
You slash something! Something hits you but does no damage.
The orc priest calls down the wrath of Beogh upon you.
Beogh smites you!
You die...

#.#.# #...#
##..# #..# #
#..## ..#
#...####
#o....###...#
...... #.#.#
####..###@#.#
#......o{..#
#.#.>.#o#..#
#.#...#.#..#
#........#
....#..#.##
....###.#.#
#..#. ..#.#
..... ..#.#


You could see an orc priest and an orc.

Vanquished Creatures
  An orc wizard (D:4)
  2 adders
  A worm (D:2)
  3 dart slugs
  2 orcs (D:3)
  6 ball pythons
  7 endoplasms
  3 giant cockroaches
  5 goblins (D:1)
  5 hobgoblins
  3 jackals (D:3)
  7 kobolds
  A quokka (D:1)
  6 bats
  A frilled lizard (D:2)
  6 rats
59 creatures vanquished.

Notes
Turn   | Place    | Note
-------+----------+-------------------------------------------
     0 | D:1      | qw the Gargoyle Fighter began the quest for the Orb.
     0 | D:1      | Reached XP level 1. HP: 14/14 MP: 1/1
     0 | D:1      | 0 ||| qw: Version: 0.3-a-9-g12657ce
     0 | D:1      | 0 ||| qw: Game counter: 1629
     0 | D:1      | 0 ||| qw: Always use a shield: true
     0 | D:1      | 0 ||| qw: God list: Okawaru
     0 | D:1      | 0 ||| qw: Allow faded altars: false
     0 | D:1      | 0 ||| qw: Do Orc after D:15 true
     0 | D:1      | 0 ||| qw: Do second Lair branch before Depths: true
     0 | D:1      | 0 ||| qw: Lair rune preference: random
     0 | D:1      | 0 ||| qw: Plans: Normal, Zot:1-4, Slime:5, God:TSO, Crypt,
                  | Tomb, Abyss, Pan, Hells, Win
     0 | D:1      | 0 ||| PLANNING D:1-11
    25 | D:1      | 25 ||| Stepping ~*~*~tactically~*~*~ (hiding).
    33 | D:1      | Reached skill level 2 in Axes
   180 | D:1      | Reached XP level 2. HP: 19/19 MP: 2/2
   188 | D:1      | 188 ||| DROPPING +0 club.
   291 | D:1      | 291 ||| Stepping ~*~*~tactically~*~*~ (hiding).
   409 | D:1      | Reached skill level 3 in Axes
   488 | D:1      | Reached XP level 3. HP: 20/23 MP: 3/3
   860 | D:1      | Found a faded altar of an unknown god.
   936 | D:1      | 936 ||| READING 2 scrolls labelled BUPU YTTIE.
   939 | D:1      | 939 ||| READING scroll labelled TEKKOO CINA.
   940 | D:1      | 940 ||| READING scroll labelled JIDAER FIQILA.
  1334 | D:2      | Reached XP level 4. HP: 28/28 MP: 4/4
  1395 | D:2      | 1395 ||| Stepping ~*~*~tactically~*~*~ (stealth).
  1541 | D:2      | 1541 ||| DROPPING +0 whip.
  1662 | D:2      | 1662 ||| READING 3 scrolls labelled ROQUITR GE POT.
  1663 | D:2      | 1663 ||| READING scroll labelled QUAKHITRIU.
  1682 | D:2      | 1682 ||| DROPPING 2 scrolls of fear.
  1783 | D:3      | Reached skill level 4 in Axes
  1898 | D:3      | 1898 ||| Stepping ~*~*~tactically~*~*~ (hiding).
  2041 | D:3      | Found a white marble altar of Elyvilon.
  2266 | D:3      | 2266 ||| UPGRADING to +2 pair of boots.
  2271 | D:3      | 2271 ||| UPGRADING to ring of willpower.
  2272 | D:3      | 2272 ||| READING scroll labelled HACICI WINAU.
  2273 | D:3      | 2273 ||| READING 3 scrolls labelled SIVODW WEFUESO.
  2274 | D:3      | 2274 ||| DROPPING 2 scrolls of blinking.
  2314 | D:4      | 2314 ||| Stepping ~*~*~tactically~*~*~ (hiding).
  2315 | D:4      | 2315 ||| Stepping ~*~*~tactically~*~*~ (hiding).
  2328 | D:4      | Reached XP level 5. HP: 12/32 MP: 5/5
  2330 | D:4      | HP: 7/32 [something (2)]
  2331 | D:4      | 2331 ||| READING scroll of teleportation.
  2332 | D:4      | HP: 3/32 [something (2)]
  2333 | D:4      | Killed from afar by an orc priest

Levels and vault maps discovered:
D:1:      minmay_arrival_three_doors, layout_loops_ring,
          shapermc_ecumenical_altar_hornbeckon, minmay_ruptured
D:2:      layout_basic
D:3:      layout_basic, overflow_temple_1_default
D:4:      minmay_opposing_rooms, layout_loops_ring, minmay_temple_entry_slanted

Skill      XL: |  1  2  3  4 |
---------------+-------------+-----
Axes           | 2 3 4 |  4.5
Fighting       | |  3.2
Armour         | |  3.2
Shields        | |  3.2

Action                     |  1- 3 |  4- 6 || total
---------------------------+-------+-------++-------
  Melee: War axe           |   107 |    72 ||   179
  Throw: Boomerang         |       |     9 ||     9
    Use: Scroll            |     3 |     5 ||     8
 Armour: Scale mail        |    44 |    46 ||    90
  Dodge: Dodged            |    46 |    29 ||    75
  Block: Buckler           |    16 |    13 ||    29

Table legend:
 A = Non-vault XP
 B = Vault XP
 C = Vault XP percentage of total XP
 D = Non-vault monster count
 E = Vault monster count
 F = Vault count percentage of total count
                 A         B        C        D         E       F
            +---------+---------+-------+---------+---------+-------
      Total |     162 |       4 |   2.4 |      56 |       3 |   5.1
            +---------+---------+-------+---------+---------+-------
        D:1 |      36 |       4 |  10.0 |      18 |       3 |  14.3
        D:2 |      53 |       0 |   0.0 |      22 |       0 |   0.0
        D:3 |      23 |       0 |   0.0 |      13 |       0 |   0.0
        D:4 |      50 |       0 |   0.0 |       3 |       0 |   0.0
            +---------+---------+-------+---------+---------+-------
